 Dungeon Crawl Stone Soup version 0.30-a0-918-g0ff054e9dc (webtiles) character file.

Game seed: 8768937486655320382

2156 GloriousHammer the Fighter (level 9, 0/101 HPs)
             Began as an Ogre Cinder Acolyte on Mar 20, 2023.
             Was a High Priest of Ignis.
             Slain by an orc warrior
             ... wielding a +0 glaive
              (9 damage)
             ... on level 6 of the Dungeon on Mar 21, 2023.
             The game lasted 00:17:27 (7744 turns).

GloriousHammer the Fighter (Ogre Cinder Acolyte)    Turns: 7744, Time: 00:17:27

Health: 0/101      AC: 16    Str: 22    XL:     9   Next: 31%
Magic:  13/13      EV:  1    Int: 15    God:    Ignis [*****.]
Gold:   374        SH:  0    Dex:  6    Spells: 12/14 levels left

rFire   + + +      SeeInvis .    j - +7 great mace "Firestarter" {flame, inner flame, rFlCloud rF++}
rCold   + . .      Faith    .    (shield currently unavailable)
rNeg    + . .      Spirit   .    f - +2 gold dragon scales "Ysuilyh" {rPois rF+ rC+ rN+ Regen+ Stlth-}
rPois   +          Reflect  .    (helmet restricted)
rElec   .          Rampage  .    (no cloak)
rCorr   .                        (gloves unavailable)
Will    .....                    (boots unavailable) Stlth
                                 (no amulet)
HPRegen 1.16/turn                (no ring)
MPRegen 0.13/turn                (no ring)

@: mighty, lethally poisoned (0 -> 0), about to teleport, flying
A: large, unfitting armour, tough skin 1
a: Renounce Religion, Fiery Armour, Foxfire Swarm, Rising Flame


You were on level 6 of the Dungeon.
You worshipped Ignis.
Ignis was extremely pleased with you.
You visited 2 branches of the dungeon, and saw 7 of its levels.
You also visited: Sewer.

You collected 374 gold pieces.

Inventory:

Hand Weapons
 h - a +0 sling
 j - the +7 great mace "Firestarter" (weapon) {flame, inner flame, rFlCloud rF++}
   (You acquired it on level 4 of the Dungeon)

   rFlCloud:  It grants immunity to clouds of flame.
   rF:        It greatly protects you from fire.
Missiles
 c - a throwing net (quivered)
 i - 35 stones
 q - 6 javelins
 v - 2 poisoned darts
 w - 8 boomerangs
Armour
 a - the +1 robe of Vines {NoPotionHeal Regen++++}
   (You acquired it on level 4 of the Dungeon)

   NoPotionHeal: Its wearer cannot be healed by potions.
   Regen:     It increases your rate of health regeneration.
 b - a +0 robe
 f - the +2 gold dragon scales "Ysuilyh" (worn) {rPois rF+ rC+ rN+ Regen+ Stlth-}
   (You acquired it on level 4 of the Dungeon)

   rF:        It protects you from fire.
   rC:        It protects you from cold.
   rPois:     It protects you from poison.
   rN:        It protects you from negative energy.
   Regen:     It increases your rate of health regeneration.
   Stlth:     It makes you less stealthy.
Scrolls
 g - a scroll of blinking {unknown}
 k - a scroll of vulnerability {unknown}
 l - a scroll of silence {unknown}
 p - 3 scrolls of teleportation
 u - a scroll of noise {unknown}
 x - a scroll of amnesia {unknown}
 y - a scroll of poison {unknown}
 C - a scroll of magic mapping {unknown}
 D - a scroll of enchant weapon {unknown}
 E - a scroll of butterflies {unknown}
Potions
 d - 3 potions of curing {unknown}
 e - 2 potions of flight
 m - a potion of lignification {unknown}
 n - 2 potions of invisibility {unknown}
 o - 2 potions of brilliance {unknown}
 s - a potion of cancellation {unknown}
 t - 2 potions of heal wounds {unknown}
 z - a potion of haste {unknown}
 A - a potion of resistance {unknown}
 B - a potion of berserk rage {unknown}


   Skills:
 + Level 9.7 Fighting
 + Level 6.8 Maces & Flails
 + Level 4.5 Throwing
 + Level 3.5 Armour
 - Level 3.0 Spellcasting
 - Level 3.0 Fire Magic


You had 12 spell levels left.
You knew the following spells:

 Your Spells              Type           Power      Damage    Failure   Level
a - Scorch                Fire           22%        2d6       100%        2

Your spell library contained the following spells:

 Spells                   Type           Power      Damage    Failure   Level
 Ensorcelled Hibernation  Hex/Ice        4%         N/A       100%        2
 Static Discharge         Conj/Air       4%         2-3/arc   100%        2
 Vhi's Electric Charge    Tloc/Air       4%         N/A       100%        3
 Arcjolt                  Conj/Air       1%         1d11      100%        5
 Blade Hands              Tmut           1%         N/A       100%        5
 Freezing Cloud           Conj/Ice/Air   1%         6-21      100%        5
 Irradiate                Conj/Tmut      1%         3d12      100%        5
 Plasma Beam              Fire/Air       3%         2x1d14    100%        5
 Simulacrum               Ice/Necr       1%         N/A       100%        6
 Dragon Form              Tmut           1%         N/A       100%        7
 Ozocubu's Refrigeration  Ice            1%         4d7       100%        7


Dungeon Overview and Level Annotations

Branches:
Dungeon (6/15)             Temple (1/1) D:4           Sewer (visited)

Altars:
Ashenzari
Cheibriados
Dithmenos
Elyvilon
Fedhas
Gozag
Hepliaklqana
Kikubaaqudgha
Nemelex Xobeh
Okawaru
Ru
Trog
Vehumet
Wu Jian
Xom
Yredelemnul
Zin

Shops:
D:1 =   D:3 =

Annotations:
D:4 exclusion: downstairs
D:6 2 transporters, Menkaure; pigah's ghost, novice OpWn


Innate Abilities, Weirdness & Mutations

You are too large for most types of armour.
You have tough skin. (AC +1)


Message History

There is an open door, spattered with blood here.
The orc hits you but does no damage.
Things that are here:
a +0 scythe; a +0 robe; a wand of roots (8)
You hit the orc. You burn the orc.
The orc is filled with an inner flame.
The orc is severely wounded.
The orc hits you with a +0 flail. The orc hits you but does no damage.
You bludgeon the orc!! You burn the orc.
The orc explodes!
The fiery explosion engulfs you! You resist.
The jelly is engulfed in blazing flames.
The jelly hits you but does no damage.
A sleepcap comes into view.
A scorpion comes into view.
Menkaure casts a spell.
Menkaure seems to speed up.
You bludgeon the jelly!! You burn the jelly.
You kill the jelly!
The shadow imp gestures at you. You resist with significant effort.
A white imp comes into view.
The shadow imp gestures at you. Pain shoots through your body!
There is an open door here.
You thump the scorpion! You burn the scorpion.
The scorpion is filled with an inner flame.
The scorpion is severely wounded.
The white imp sputters.
A sky beast comes into view.
The shadow imp gestures at you. Pain shoots through your body!
Menkaure points at you and mumbles some strange words.
Pain shoots through your body! The scorpion stings you.
The sky beast flickers out of sight!
Deactivating autopickup; reactivate with Ctrl-A.
The shadow imp hits you but does no damage.
The scorpion stings you but does no damage.
You closely miss the scorpion.
The scorpion is severely wounded.
The scorpion stings you but does no damage.
The shadow imp hits you but does no damage.
The sleepcap is engulfed in blazing flames.
An orc warrior comes into view. It is wielding a +0 glaive.
You barely miss the scorpion.
The scorpion is severely wounded.
The scorpion stings you.
The sleepcap is engulfed in blazing flames.
The shadow imp hits you but does no damage.
The scorpion stings you.
You are poisoned.
The scorpion poisons you!
Menkaure calls on the powers of darkness!
Your body is wracked with pain!
You sock the sleepcap! You burn the sleepcap.
You destroy the sleepcap!
You feel very sick.
The scorpion's inner flame fades away.
The white imp hits you but does no damage.
The shadow imp hits you but does no damage.
An orc comes into view. It is wielding a +0 dagger.
The scorpion stings you but does no damage.
The white imp hits you but does no damage.
The shadow imp hits you but does no damage.
The scorpion stings you but does no damage.
You barely miss the scorpion.
The scorpion is severely wounded.
You feel sick. The shadow imp hits you.
An orc comes into view.
It is wielding a +1 flail of protection.
The white imp hits you. The white imp freezes you. You resist.
The scorpion stings you but does no damage.
The orc warrior hits you from afar with a +0 glaive!
* * * LOW HITPOINT WARNING * * *
Unknown command.
Unknown command.
You feel very mighty all of a sudden.
You feel sick.
The scorpion stings you but does no damage.
The shadow imp hits you.
* * * LOW HITPOINT WARNING * * *
The white imp hits you but does no damage.
The orc warrior hits you from afar with a +0 glaive!
* * * LOW HITPOINT WARNING * * *
An adder comes into view.
It was a potion of flight.
You feel very buoyant.
You fly up into the air.
The sentinel's mark upon you fades away.
You feel sick.
The scorpion stings you but does no damage.
The shadow imp hits you but does no damage.
The white imp gestures at you.
The puff of frost hits you but does no damage.
A sky beast appears from thin air!
Reactivating autopickup.
The orc warrior hits you but does no damage.
The scorpion stings you but does no damage.
Okay, then.
As you read the scroll of teleportation, it crumbles to dust.
You feel strangely unstable.
You feel sick.
The orc warrior hits you from afar with a +0 glaive!
You die...

. .. ... #......# ....
.......# ..... #......#
#.M○#### #.###......#
#☼°).# #.##.......#
####@####.##.......##
########5s5o##.##.........
#.......oY..##.##.........
.........o..##.#.......###
........#S####.#.###..##8.
...######.............#c..
> ####.....###..#W.#
#.....#...[#l#.
#.....#....#Ch.


You could see an orc warrior, a sky beast, Menkaure (fast), a scorpion, an
adder, a white imp, a shadow imp and 2 orcs.

Vanquished Creatures
  Sigmund (D:6)
  A water moccasin (D:5)
  Duvessa (D:5)
  2 black bears
  2 ogres
  A centaur (D:6)
  3 phantoms
  A bullfrog (D:6)
  6 scorpions
  Dowan (D:5)
  A howler monkey (D:5)
  A jelly (D:6)
  2 orc priests (D:5)
  3 hounds (D:5)
  An iguana (D:5)
  Jessica (D:3)
  2 sleepcaps
  3 orc wizards
  7 gnolls
  9 adders
  2 river rats (Sewer)
  2 ufetubi (D:5)
  A worm (Sewer)
  2 dart slugs
  11 orcs
  3 bats (D:3)
  9 endoplasms
  3 giant cockroaches
  6 hobgoblins
  9 kobolds
  3 quokkas
  8 ball pythons
  7 frilled lizards
  6 goblins
  8 rats
129 creatures vanquished.

Vanquished Creatures (others)
  8 foxfires (D:3)
8 creatures vanquished.

Grand Total: 137 creatures vanquished

Notes
Turn   | Place    | Note
-------+----------+-------------------------------------------
     0 | D:1      | GloriousHammer the Ogre Cinder Acolyte began the quest for
                  | the Orb.
     0 | D:1      | Reached XP level 1. HP: 24/24 MP: 2/2
   404 | D:1      | Reached XP level 2. HP: 31/32 MP: 2/4
   412 | D:1      | Learned a level 2 spell: Scorch
   809 | D:1      | Got the Tractate on Chilblains
   999 | D:1      | Found Neret's Jewellery Boutique.
  1457 | D:2      | Reached XP level 3. HP: 38/40 MP: 3/5
  2249 | D:2      | Found a hazy altar of Hepliaklqana.
  2575 | D:3      | Noticed Jessica
  2575 | D:3      | Noticed an ogre
  2579 | D:3      | Killed Jessica
  2580 | D:3      | Reached XP level 4. HP: 40/49 MP: 4/7
  2653 | D:3      | Killed an ogre
  2654 | D:3      | Reached skill level 5 in Fighting
  2654 | D:3      | Reached XP level 5. HP: 40/57 MP: 7/9
  2760 | D:3      | Identified the +1 kite shield of Jaffin {*Corrode Str+5}
  2864 | D:3      | Reached skill level 6 in Fighting
  2916 | D:3      | Found Neafi's One-of-a-Kind Rings.
  2930 | D:3      | Reached XP level 6. HP: 67/67 MP: 10/10
  3002 | D:3      | Found a glowing drain.
  3015 | Sewer    | Entered a sewer
  5400 | D:4      | Reached skill level 7 in Fighting
  5400 | D:4      | Reached skill level 5 in Maces & Flails
  5400 | D:4      | Reached XP level 7. HP: 53/78 MP: 6/11
  5969 | D:4      | Found a broken altar of Ashenzari.
  6030 | D:4      | Reached skill level 1 in Throwing
  6172 | D:4      | Found a staircase to the Ecumenical Temple.
  6182 | Temple   | Entered the Ecumenical Temple
  6733 | D:4      | Identified 3 scrolls of acquirement
  6736 | D:4      | Acquired the +1 robe of Vines {NoPotionHeal Regen++++}
  6736 | D:4      | Found the +1 robe of Vines {NoPotionHeal Regen++++}
  6747 | D:4      | Acquired the +2 gold dragon scales "Ysuilyh" {rPois rF+ rC+
                  | rN+ Regen+ Stlth-}
  6760 | D:4      | Acquired the +7 great mace "Firestarter" {flame, inner
                  | flame, rFlCloud rF++}
  6760 | D:4      | Found the +7 great mace "Firestarter" {flame, inner flame,
                  | rFlCloud rF++}
  6880 | D:5      | Entered Level 5 of the Dungeon
  6961 | D:4      | Reached skill level 8 in Fighting
  6994 | D:5      | Reached skill level 1 in Armour
  7015 | D:5      | Reached XP level 8. HP: 88/88 MP: 12/12
  7166 | D:5      | Noticed Dowan
  7178 | D:5      | Killed Dowan
  7235 | D:5      | Noticed Duvessa
  7242 | D:5      | Killed Duvessa
  7243 | D:5      | Reached skill level 9 in Fighting
  7542 | D:5      | Reached XP level 9. HP: 74/98 MP: 13/13
  7647 | D:6      | Found a transporter.
  7647 | D:6      | Noticed a cyclops
  7647 | D:6      | Noticed pigah's ghost (novice OpWn)
  7696 | D:6      | Found a transporter.
  7722 | D:6      | Noticed Sigmund
  7727 | D:6      | Killed Sigmund
  7730 | D:6      | Noticed Menkaure
  7744 | D:6      | Slain by an orc warrior

Illustrated notes

Levels and vault maps discovered:
D:1:      tarquinn_simple_flora_water_b, layout_loops_ring, serial_shops, shop,
          dreamdust_wishing_well
D:2:      layout_basic, basic_altar, roderic_serpentine_path
D:3:      layout_loops_ring, portal_sewer_entry_d, nicolae_shop_unique_rings,
          uniq_jessica
D:4:      layout_basic, overflow_temple_1_default, minmay_temple_entry_wispy
D:5:      layout_loops_ring, minmay_misc_feat_rows, uniq_duvessa
D:6:      layout_basic, kennysheep_mini_moat, gammafunk_ghost_arena,
          uniq_menkaure, uniq_sigmund
Temple:   nicolae_temple_bog_church

Skill      XL: |  1  2  3  4  5  6  7  8  9 |
---------------+----------------------------+-----
Fire Magic     | 3 |  3.0
Maces & Flails | 3 4 5 6 |  6.8
Spellcasting   | 2 3 |  3.0
Fighting       | 5 6 7 8 9 |  9.7
Throwing       | 2 3 4 |  4.5
Armour         | 1 3 |  3.5

Action                     |  1- 3 |  4- 6 |  7- 9 || total
---------------------------+-------+-------+-------++-------
  Melee: Mace              |    79 |    80 |    11 ||   170
         Punch             |     1 |     1 |       ||     2
         Great mace        |       |       |    85 ||    85
   Cast: Scorch            |    19 |    41 |    12 ||    72
 Invoke: Foxfire Swarm     |       |     1 |       ||     1
         Fiery Armour      |       |     1 |       ||     1
    Use: Scroll            |       |       |     7 ||     7
         Potion            |       |       |     2 ||     2
 Armour: Robe              |    19 |    30 |     6 ||    55
         Gold dragon scale |       |       |   158 ||   158
  Dodge: Dodged            |    33 |    42 |    11 ||    86

Table legend: (Time is in decaauts)
 A = Elapsed time spent in this place.
 B = Non-inter-level travel time spent in this place.
 C = Inter-level travel time spent in this place.
 D = Time resting spent in this place.
 E = Time spent auto-exploring this place.
 F = Levels seen in this place.
 G = Mean time per level.
                   A        B        C        D        E       F      G
               +--------+--------+--------+--------+--------+-----+--------+
         Total |   7815 |   7601 |    214 |   2815 |   3471 |   8 |  976.9 |
       Dungeon |   6606 |   6412 |    194 |   2005 |   3209 |   6 | 1101.0 |
        Temple |    164 |    144 |     20 |      0 |    133 |   1 |  164.0 |
         Sewer |   1044 |   1044 |      0 |    810 |    129 |   1 | 1044.0 |
               +--------+--------+--------+--------+--------+-----+--------+

Top non-repeatable levels by time:
     D:4: 1972 daAuts
     D:2: 1349 daAuts
     D:1: 1315 daAuts
     D:3: 1112 daAuts
   Sewer: 1044 daAuts
     D:5: 754 daAuts
  Temple: 164 daAuts
     D:6: 103 daAuts
